 Dungeon Crawl Stone Soup version 0.26.0-10-g1f06aea511 (webtiles) character file.

Game seed: 11320802529245264090

1005 HoaS the Grappler (level 8, -1/61 HPs)
             Began as a Ghoul Gladiator on Jan 23, 2021.
             Slain by Dracia's ghost (14 damage)
             ... on level 4 of the Dungeon.
             The game lasted 00:06:34 (3065 turns).

HoaS the Grappler (Ghoul Gladiator)                 Turns: 3065, Time: 00:06:34

Health: -1/61      AC:  9    Str: 19    XL:     8   Next: 20%
Magic:  7/7        EV: 12    Int:  3    God:
Gold:   199        SH:  0    Dex: 17    Spells: 7/7 levels left

rFire    . . .     SeeInvis .     - Unarmed
rCold    + . .     Faith    .   (no shield)
rNeg     + + +     Spirit   .   f - +0 ring mail
rPois    ∞         Reflect  .   b - +0 helmet
rElec    .         Harm     .   k - +1 cloak (curse)
rCorr    .         Rampage  .   (no gloves)
Will     .....                  g - +0 pair of boots
Stlth    +.........             (no amulet)
HPRegen  0.00/turn              i - +6 ring of dexterity
MPRegen  0.10/turn              (no ring)

@: no status effects
A: claws 1, cold resistance 1, negative energy resistance 3, inhibited
regeneration, torment resistance, unbreathing
a: no special abilities


You were on level 4 of the Dungeon.
You visited 1 branch of the dungeon, and saw 4 of its levels.

You collected 199 gold pieces.

Inventory:

Missiles
 a - 8 javelins
 h - 19 poisoned darts
Armour
 b - a +0 helmet (worn)
 f - a +0 ring mail (worn)
 g - a +0 pair of boots (worn)
 k - a cursed +1 cloak (worn)
 s - a +1 scale mail of willpower
Jewellery
 i - a +6 ring of dexterity (left claw)
 u - an uncursed ring of flight {unknown}
Wands
 n - a wand of random effects (14) (quivered)
Scrolls
 d - 5 scrolls of teleportation
 q - a scroll of identify
Potions
 e - 2 potions of brilliance {unknown}
 j - 4 potions of curing {unknown}
 l - a potion of flight {unknown}
 m - a potion of resistance {unknown}
 o - a potion of invisibility {unknown}
 p - a potion of ambrosia {unknown}
 r - a potion of lignification {unknown}
 t - a potion of degeneration {unknown}
 w - a potion of cancellation {unknown}


   Skills:
 - Level 2.1 Fighting
 - Level 1.7 Throwing
 - Level 2.6 Dodging
 + Level 10.6 Unarmed Combat


You had 7 spell levels left.
You didn't know any spells.
Your spell library was empty.

Dungeon Overview and Level Annotations

Branches:
Dungeon (4/15)
 Temple: D:4-7

Altars:
Cheibriados

Annotations:
D:4 Dracia's ghost, amateur DsGl


Innate Abilities, Weirdness & Mutations

You thrive by killing the living.
You are immune to poison.
You have sharp fingernails.
Your flesh is cold resistant. (rC+)
You are immune to negative energy. (rN+++)
You do not regenerate when monsters are visible.
You are immune to unholy pain and torment.
You can survive without breathing.


Message History

Dracia's ghost is heavily damaged.
Dracia's ghost hits you but does no damage.
You are electrocuted!
You closely miss Dracia's ghost.
Dracia's ghost is heavily damaged.
Dracia's ghost misses you.
You scratch Dracia's ghost.
Dracia's ghost is heavily damaged.
Dracia's ghost hits you but does no damage.
You scratch Dracia's ghost but do no damage.
Dracia's ghost is heavily damaged.
You closely miss Dracia's ghost. Your claw misses Dracia's ghost.
Dracia's ghost is heavily damaged.
Dracia's ghost misses you.
You completely miss Dracia's ghost.
Dracia's ghost is heavily damaged.
Dracia's ghost hits you.
* * * LOW HITPOINT WARNING * * *
You are electrocuted!
You die...

#............# ##..##.#
############### #<..##.#
.....# #.#.##.## ####.#
######### #.#.##..# ####.#
#.....#.# ######.#.###.#
..##.# #♣...?#.# #........#
#.# #.##.#
#..8..'.###.####.### #.#
#.##.## #(....'..##.# #.#
#.. #.#...####...(.W@.##.##
#.# ###
......†.##.(...#......###.#
#.#...#.##.(..(#.#........#
#.##.##.##########....#####
#.##.##.# #.#.## (....##[#
#.#.# #.#####.# #.#.# ..#
#.# #.#.# #.# #.# #.#.##


You could see Dracia's ghost.

Vanquished Creatures
  Grinder (D:4)
  Sigmund (D:3)
  A wyvern (D:4)
  An ogre (D:4)
  The ghost of Dracia the Poker, an amateur MfGl (D:3)
  An orc priest (D:3)
  Crazy Yiuf (D:2)
  Terence (D:3)
  4 worker ants
  A howler monkey skeleton (D:4)
  5 adders
  A gnoll (D:1)
  An ooze (D:2)
  5 worms
  3 leopard geckos
  4 orcs (D:3)
  4 giant cockroaches
  6 hobgoblins
  3 quokkas
  A ball python (D:1)
  9 bats
  7 frilled lizards
  12 goblins
  7 kobolds
  8 rats
89 creatures vanquished.

Notes
Turn   | Place    | Note
-------+----------+-------------------------------------------
     0 | D:1      | HoaS the Ghoul Gladiator began the quest for the Orb.
     0 | D:1      | Reached XP level 1. HP: 17/17 MP: 0/0
    72 | D:1      | Reached skill level 4 in Unarmed Combat
    72 | D:1      | Reached XP level 2. HP: 16/24 MP: 1/1
   312 | D:1      | Reached XP level 3. HP: 29/29 MP: 2/2
   615 | D:2      | Reached skill level 5 in Unarmed Combat
   634 | D:2      | Reached XP level 4. HP: 31/36 MP: 3/3
   721 | D:2      | Found a snail-covered altar of Cheibriados.
  1112 | D:2      | Found a runed translucent door.
  1113 | D:2      | Noticed Crazy Yiuf
  1374 | D:2      | Killed Crazy Yiuf
  1375 | D:2      | Reached skill level 6 in Unarmed Combat
  1375 | D:2      | Reached XP level 5. HP: 41/41 MP: 4/4
  1513 | D:3      | Noticed Sigmund
  1524 | D:3      | Killed Sigmund
  1525 | D:3      | Reached skill level 7 in Unarmed Combat
  1525 | D:3      | Reached XP level 6. HP: 46/48 MP: 5/5
  1629 | D:3      | Found a runed translucent door.
  1629 | D:3      | Noticed Dracia's ghost (amateur MfGl)
  1691 | D:3      | Noticed Terence
  1700 | D:3      | Killed Terence
  1841 | D:3      | Reached skill level 8 in Unarmed Combat
  2105 | D:3      | Killed Dracia's ghost
  2106 | D:3      | Reached XP level 7. HP: 48/55 MP: 6/6
  2156 | D:4      | Found a runed translucent gate.
  2156 | D:4      | Found a runed translucent gate.
  2159 | D:4      | Found a runed translucent gate.
  2160 | D:4      | Noticed Dracia's ghost (amateur DsGl)
  2375 | D:4      | Noticed Grinder
  2383 | D:4      | Paralysed by Grinder for 3 turns
  2395 | D:4      | Paralysed by Grinder for 7 turns
  2396 | D:4      | Reached skill level 9 in Unarmed Combat
  2421 | D:4      | Paralysed by Grinder for 3 turns
  2425 | D:4      | Killed Grinder
  2426 | D:4      | Reached skill level 10 in Unarmed Combat
  2723 | D:4      | Reached XP level 8. HP: 61/61 MP: 7/7
  2734 | D:4      | Noticed a wyvern
  2746 | D:4      | Killed a wyvern
  3065 | D:4      | Slain by Dracia's ghost

Illustrated notes

Levels and vault maps discovered:
D:1:      grunt_arrival_lava_bath, layout_rooms
D:2:      layout_basic, old_standard_altar, uniq_crazy_yiuf_cottage
D:3:      layout_loops_cross, ebering_ghost_reflecting_pool, uniq_sigmund,
          uniq_terence
D:4:      layout_loops_ring, ebering_ghost_rock_garden, uniq_grinder

Skill      XL: |  1  2  3  4  5  6  7 |
---------------+----------------------+-----
Unarmed Combat | 4 5 6 7 8 10 | 10.6
Fighting       | |  2.1
Throwing       | |  1.7
Dodging        | |  2.6

Action                   |  1- 3 |  4- 6 |  7- 9 || total
-------------------------+-------+-------+-------++-------
Melee: Unarmed           |    83 |   143 |    69 ||   295
       Punch             |     1 |     5 |     4 ||    10
Throw: Throwing net      |       |     3 |     1 ||     4
  Use: Scroll            |       |    10 |     2 ||    12
 Stab: Held in net/web   |       |     1 |       ||     1
Armor: Leather armour    |    18 |       |       ||    18
       Ring mail         |    30 |    49 |    19 ||    98
Dodge: Dodged            |    83 |    78 |    20 ||   181
